[Event "European Womens-ch 2025"]
[Site "Rhodes"]
[Date "2025.04.10"]
[Round "10.58"]
[White "Acarbay, Algi"]
[Black "Kosma, Maria"]
[Result "1-0"]
[Annotator "NA"]
[ECO "B51"]
[WhiteElo "2052"]
[BlackElo "1826"]
[PlyCount "125"]
[EventDate "2025.03.29"]
[EventType "swiss"]
[EventCountry "GRE"]
[SourceTitle "playchess.com"]
[Source "ChessBase"]
[SourceQuality "1"]
[TimeControl "40/5400+30:1800+30"]

1. e4 c5 2. Nc3 Nc6 3. Nf3 d6 4. Bb5 e5 5. Bc4 Be7 6. d3 Nf6 7. Bg5 Be6 8. Bxf6 Bxf6 9. Nd5 O-O 10. a4 Rb8 11. h4 Bxd5 12. Bxd5 Ne7 13. c4 Nxd5 14. cxd5 Qd7 15. Nd2 Bd8 16. Nc4 f5 17. Qe2 Bc7 18. Rh3 f4 19. Kf1 b6 20. h5 a6 21. f3 b5 22. Na3 Bb6 23. g4 fxg3 24. Rxg3 Bd8 25. Kg2 Rf4 26. axb5 axb5 27. Nc2 Bh4 28. Rh3 Bg5 29. Ne3 Rff8 30. Nf5 Ra8 31. Qd1 Bf4 32. Rh4 Bg5 33. Rg4 h6 34. Kf2 Ra4 35. b3 Ra7 36. Rxa7 Qxa7 37. Kg2 Qa2+ 38. Kh3 Rd8 39. Rg2 Qa7 40. Qb1 Qf7 41. Kg4 Be7 42. Qa1 Re8 43. Qa6 Qf6 44. Kh3 Bf8 45. Rg6 Qd8 46. Nxh6+ Kh7 47. Nf5 Qd7 48. Kg3 c4 49. dxc4 bxc4 50. bxc4 Rb8 51. Nxd6 Bxd6 52. Qxd6 Qa7 53. c5 Rb7 54. h6 Qa1 55. Rxg7+ Rxg7+ 56. hxg7 Qg1+ 57. Kh3 Qh1+ 58. Kg4 Qg2+ 59. Kf5 Qxg7 60. Qxe5 Qg6+ 61. Kf4 Qh6+ 62. Qg5 Qh2+ 63. Kf5 1-0

[Event "European Womens-ch 2025"]
[Site "Rhodes"]
[Date "2025.04.10"]
[Round "10.59"]
[White "Kiousi, Panagiota"]
[Black "Kalyva, Kyriaki"]
[Result "0-1"]
[Annotator "NA"]
[ECO "E08"]
[WhiteElo "1998"]
[BlackElo "1885"]
[PlyCount "102"]
[EventDate "2025.03.29"]
[EventType "swiss"]
[EventCountry "GRE"]
[SourceTitle "playchess.com"]
[Source "ChessBase"]
[SourceQuality "1"]
[TimeControl "40/5400+30:1800+30"]

1. Nf3 Nf6 2. g3 d5 3. d4 e6 4. Bg2 Be7 5. c4 c6 6. O-O O-O 7. Qc2 Nbd7 8. Rd1 Bd6 9. Nc3 Qc7 10. c5 Be7 11. Bf4 Qd8 12. b4 b6 13. a4 a5 14. b5 Bb7 15. cxb6 Qxb6 16. bxc6 Qxc6 17. Qb3 Nh5 18. Bd2 Ba6 19. Nb5 Rab8 20. Rab1 Rfc8 21. Bxa5 Nhf6 22. Nd2 Qa8 23. Bc3 Nb6 24. Rdc1 Qb7 25. Na3 Qd7 26. Ba5 Rxc1+ 27. Rxc1 Qxa4 28. Bxb6 Qxb3 29. Nxb3 Rxb6 30. Nc5 Bxe2 31. Rc2 Bd1 32. Rc1 Bg4 33. Bf1 h5 34. Kg2 Bf5 35. Nc2 Bxc2 36. Rxc2 Rb4 37. Rd2 Ne8 38. Be2 g6 39. f3 Bf6 40. Nd7 Bxd4 41. Rc2 Kg7 42. Rc8 Nd6 43. Rc7 Rb2 44. Kf1 Nf5 45. f4 h4 46. g4 Ne3+ 47. Ke1 Ng2+ 48. Kd1 Nxf4 49. Ba6 Rxh2 50. g5 Rg2 51. Nb8 h3 0-1

[Event "European Womens-ch 2025"]
[Site "Rhodes"]
[Date "2025.04.10"]
[Round "10.60"]
[White "Harutyunyan, Gabriela"]
[Black "Golsta, Ramona"]
[Result "0-1"]
[Annotator "NA"]
[ECO "B23"]
[WhiteElo "1793"]
[BlackElo "1943"]
[PlyCount "72"]
[EventDate "2025.03.29"]
[EventType "swiss"]
[EventCountry "GRE"]
[SourceTitle "playchess.com"]
[Source "ChessBase"]
[SourceQuality "1"]
[TimeControl "40/5400+30:1800+30"]

1. e4 c5 2. Nc3 Nc6 3. Bb5 Nd4 4. Bc4 e6 5. Nge2 Nf6 6. Nxd4 cxd4 7. Ne2 Nxe4 8. O-O Bd6 9. d3 Nc5 10. Nxd4 Bxh2+ 11. Kxh2 Qh4+ 12. Kg1 Qxd4 13. Be3 Qd6 14. Qg4 b6 15. Qf3 Qc6 16. Qg4 Bb7 17. b4 h5 18. Qg5 d5 19. bxc5 dxc4 20. cxb6 axb6 21. Rab1 Qd5 22. Qg3 h4 23. Qh3 cxd3 24. Rxb6 dxc2 25. Rb4 Rxa2 26. Rd4 Qc6 27. f3 Ra4 28. Rd3 O-O 29. Rc1 Qc4 30. Rd2 Ra2 31. Qh2 Qc3 32. Re2 Ra1 33. Qxh4 Qxe3+ 34. Rxe3 Rxc1+ 35. Re1 Rd1 36. Qb4 c1=Q 0-1

[Event "European Womens-ch 2025"]
[Site "Rhodes"]
[Date "2025.04.10"]
[Round "10.61"]
[White "Nenova, Andzhelika"]
[Black "Mitraka, Chrysoula-Paraskevi"]
[Result "1-0"]
[Annotator "NA"]
[ECO "B12"]
[WhiteElo "1903"]
[BlackElo "1820"]
[PlyCount "83"]
[EventDate "2025.03.29"]
[EventType "swiss"]
[EventCountry "GRE"]
[SourceTitle "playchess.com"]
[Source "ChessBase"]
[SourceQuality "1"]
[TimeControl "40/5400+30:1800+30"]

1. e4 c6 2. d4 d5 3. f3 e6 4. Bd3 Nf6 5. e5 Nfd7 6. f4 c5 7. c3 Nc6 8. Nf3 Be7 9. O-O h6 10. Be3 a6 11. Nbd2 b5 12. Qe1 Qb6 13. f5 exf5 14. Bxf5 Nf8 15. Bxc8 Rxc8 16. Qf2 Ne6 17. Nb3 c4 18. Nbd2 Rf8 19. Rae1 Kd7 20. Nh4 Bxh4 21. Qxh4 Qd8 22. Qh5 Qe7 23. Qf3 Nc7 24. b3 Rb8 25. Qg4+ Ne6 26. Rd1 Na5 27. Ne4 Nb7 28. Nc5+ Nbxc5 29. dxc5 Kc6 30. Rxd5 Rbd8 31. Rd6+ Kc7 32. Qe4 Qe8 33. Rfd1 cxb3 34. axb3 h5 35. Qb4 Kb7 36. Qa5 Nc7 37. Qb6+ Kc8 38. c6 Qxc6 39. Qxc6 Rfe8 40. Bb6 Kb8 41. Qxc7+ Ka8 42. Qa7# 1-0

[Event "European Womens-ch 2025"]
[Site "Rhodes"]
[Date "2025.04.10"]
[Round "10.62"]
[White "Bania, Eleni"]
[Black "Recica, Jona"]
[Result "1/2-1/2"]
[Annotator "NA"]
[ECO "C28"]
[WhiteElo "1809"]
[BlackElo "1716"]
[PlyCount "31"]
[EventDate "2025.03.29"]
[EventType "swiss"]
[EventCountry "GRE"]
[SourceTitle "playchess.com"]
[Source "ChessBase"]
[SourceQuality "1"]
[TimeControl "40/5400+30:1800+30"]

1. e4 e5 2. Nc3 Nc6 3. Bc4 Nf6 4. d3 Na5 5. Bb3 Nxb3 6. axb3 d5 7. Bg5 Bb4 8. Bxf6 gxf6 9. exd5 Qxd5 10. Qf3 Qxf3 11. Nxf3 Rg8 12. g3 Bd7 13. Nd2 Bc6 14. Rf1 Bg2 15. Rg1 Bc6 16. Rf1 1/2-1/2

[Event "European Womens-ch 2025"]
[Site "Rhodes"]
[Date "2025.04.10"]
[Round "10.63"]
[White "Alexandri, Dimitra"]
[Black "Saraci, Ndriqona"]
[Result "1-0"]
[Annotator "NA"]
[ECO "D36"]
[WhiteElo "1995"]
[BlackElo "1692"]
[PlyCount "75"]
[EventDate "2025.03.29"]
[EventType "swiss"]
[EventCountry "GRE"]
[SourceTitle "playchess.com"]
[Source "ChessBase"]
[SourceQuality "1"]
[TimeControl "40/5400+30:1800+30"]

1. d4 Nf6 2. c4 e6 3. Nc3 d5 4. cxd5 exd5 5. Bg5 Be7 6. e3 c6 7. Bd3 Nbd7 8. Nge2 Nh5 9. Bxe7 Qxe7 10. Qc2 g6 11. O-O-O Ng7 12. Nf4 Nb6 13. h4 h5 14. Rde1 Bf5 15. e4 dxe4 16. Bxe4 Bxe4 17. Rxe4 Ne6 18. Rhe1 O-O-O 19. d5 Nxd5 20. Ncxd5 Qc5 21. Nxe6 Qxc2+ 22. Kxc2 Rxd5 23. Ng5 Rhd8 24. Nf3 Rc5+ 25. Kb1 f6 26. Re8 Rxe8 27. Rxe8+ Kd7 28. Rg8 Rd5 29. Rxg6 Ke6 30. Kc2 a5 31. Rg7 b5 32. Ne1 c5 33. Nd3 Kf5 34. g3 c4 35. Nf4 Rc5 36. Nxh5 Ke4 37. Nxf6+ Kf3 38. Rg5 1-0

[Event "European Womens-ch 2025"]
[Site "Rhodes"]
[Date "2025.04.10"]
[Round "10.64"]
[White "Kaka, Rengina Tsampika"]
[Black "Zvereva, Marija"]
[Result "0-1"]
[Annotator "NA"]
[ECO "A45"]
[WhiteElo "1509"]
[BlackElo "2033"]
[PlyCount "102"]
[EventDate "2025.03.29"]
[EventType "swiss"]
[EventCountry "GRE"]
[SourceTitle "playchess.com"]
[Source "ChessBase"]
[SourceQuality "1"]
[TimeControl "40/5400+30:1800+30"]

1. d4 Nf6 2. Bf4 Nh5 3. Bg3 Nxg3 4. hxg3 g6 5. e3 Bg7 6. Nf3 d6 7. c3 Nd7 8. Be2 Nf6 9. O-O O-O 10. Nbd2 b6 11. Qb3 Bb7 12. Rfe1 Qd7 13. Rad1 c5 14. Bb5 Qc7 15. a4 Rac8 16. e4 cxd4 17. cxd4 Qc2 18. Qxc2 Rxc2 19. e5 Nd5 20. exd6 exd6 21. b3 h6 22. Bc4 Rd8 23. Rc1 Rxc1 24. Rxc1 Nf6 25. Re1 Kf8 26. b4 Rc8 27. a5 d5 28. a6 dxc4 29. axb7 Rb8 30. Nxc4 Rxb7 31. Rd1 Nd5 32. Rb1 Nc3 33. Rb3 Ne2+ 34. Kf1 Nxd4 35. Nxd4 Bxd4 36. b5 Rc7 37. Nd2 Rc2 38. Rd3 Bc5 39. Ne4 Be7 40. Rd7 Ke8 41. Rxa7 f5 42. Rb7 fxe4 43. Rxb6 Rxf2+ 44. Ke1 Bb4+ 45. Kd1 Kf7 46. Rb7+ Kf6 47. b6 e3 48. Rd7 e2+ 49. Kc1 e1=Q+ 50. Rd1 Ba3+ 51. Kb1 Qxd1# 0-1

[Event "European Womens-ch 2025"]
[Site "Rhodes"]
[Date "2025.04.10"]
[Round "10.65"]
[White "Lamprianou, Marianna"]
[Black "Korinioti, Myrto"]
[Result "1-0"]
[Annotator "NA"]
[ECO "B23"]
[WhiteElo "1498"]
[BlackElo "1667"]
[PlyCount "55"]
[EventDate "2025.03.29"]
[EventType "swiss"]
[EventCountry "GRE"]
[SourceTitle "playchess.com"]
[Source "ChessBase"]
[SourceQuality "1"]
[TimeControl "40/5400+30:1800+30"]

1. e4 c5 2. Nc3 Nc6 3. Bb5 g6 4. Bxc6 bxc6 5. f4 e6 6. Nf3 d5 7. d3 Bg7 8. O-O Ne7 9. Rb1 O-O 10. Bd2 Bxc3 11. Bxc3 d4 12. Bd2 Bd7 13. Re1 a5 14. c3 Bc8 15. Qa4 dxc3 16. Bxc3 Qxd3 17. Rbd1 Qb5 18. Qc2 Ba6 19. Qf2 f6 20. Qh4 Rf7 21. Bxf6 Re8 22. Ne5 Rg7 23. Bxg7 Kxg7 24. Rd7 Kf8 25. Qf6+ Kg8 26. Qf7+ Kh8 27. Qxe8+ Kg7 28. Qxe7+ 1-0